 Dungeon Crawl Stone Soup version 0.29-a0-82-g837932c90e (webtiles) character file.

Game seed: 17022524435828506409

95249 HallandMoats the End of an Era (level 15, -4/122 (125) HPs)
             Began as a Demonspawn Fighter on Feb 5, 2022.
             Was the Champion of Qazlal.
             Slain by an apocalypse crab (10 damage)
             ... on level 5 of the Abyss.
             The game lasted 00:42:56 (19850 turns).

HallandMoats the End of an Era (DsFi)              Turns: 19850, Time: 00:42:56

HP:   -4/122 (125)  AC: 22    Str: 28 (29) XL:     15   Next: 65%
MP:   23/27         EV: 14    Int: 15      God:    Qazlal [******]
Gold: 1958          SH: 21    Dex: 16      Spells: 14/14 levels left

rFire   . . .      SeeInvis .   a - +6 broad axe (protect)
rCold   . . .      Faith    .   Y - +2 kite shield
rNeg    . . .      Spirit   .   o - +0 troll leather armour
rPois   +          Reflect  .   J - +2 helmet
rElec   +          Harm     .   d - +2 cloak {rPois}
rCorr   .          Rampage  .   (gloves unavailable)
Will    +....      Rage     1%  A - +2 pair of boots {Fly}
Stlth   +.........              k - amulet of regeneration
HPRegen 1.90/turn               q - ring "Ilyfeuxt" {Str+6 Int+4}
MPRegen 0.20/turn               P - +4 ring of slaying

@: protected from electricity, under a protective aura, flying, constricted,
lightly drained, invisible, repel missiles
A: thin skeletal structure 2, ignite blood 1, demonic magic 3, demonic touch 3,
berserk 1, deterioration 1, devolution 1
a: Renounce Religion, Upheaval, Elemental Force, Disaster Area


You were on level 5 of the Abyss.
You worshipped Qazlal.
Qazlal was exalted by your worship.
You visited 2 branches of the dungeon, and saw 21 of its levels.
You visited the Abyss 2 times.
You also visited: Bailey and Ice Cave.

You collected 1958 gold pieces.

Inventory:

Hand Weapons
 a - a +6 broad axe of protection (weapon)
 b - the +3 spear of Gonwy {vamp, Str+4 Dex+6}
   (You found it on level 4 of the Lair of Beasts)

   It occasionally heals its wielder for a portion of the damage dealt when it
   wounds a living foe.
   Str:       It affects your strength (+4).
   Dex:       It affects your dexterity (+6).
 l - the +7 dagger of Fatuy {vorpal, rC- rN+ rCorr Str+2}
   (You found it in a bailey)

   It inflicts extra damage upon your enemies.
   Str:       It affects your strength (+2).
   rC:        It makes you vulnerable to cold.
   rN:        It protects you from negative energy.
   rCorr:     It protects you from acid and corrosion.
Missiles
 g - 2 throwing nets (quivered)
Armour
 d - a +2 cloak of poison resistance (worn)
 o - a +0 troll leather armour (worn)
 A - a +2 pair of boots of flying (worn)
 J - a +2 helmet (worn)
 Y - a +2 kite shield (worn)
Jewellery
 k - an amulet of regeneration (around neck)
 q - the ring "Ilyfeuxt" (left hand) {Str+6 Int+4}
   (You found it on level 6 of the Dungeon)

   [ring of strength]

   Str:       It affects your strength (+6).
   Int:       It affects your intelligence (+4).
 t - an amulet of reflection
 F - a ring of fire
 G - a ring of positive energy
 K - a ring of protection from fire
 O - a +6 ring of dexterity
 P - a +4 ring of slaying (right hand)
 Q - a +4 ring of protection
 V - a ring of magical power
 X - an amulet of guardian spirit
Wands
 p - a wand of iceblast (33)
 r - a wand of acid (14)
 s - a wand of flame (5)
 E - a wand of digging (4)
Scrolls
 c - a scroll of silence
 e - a scroll of blinking
 i - 5 scrolls of immolation
 j - 4 scrolls of enchant armour
 u - a scroll of enchant weapon
 y - 3 scrolls of fog
 C - 3 scrolls of magic mapping
 M - a scroll of fear
 S - 2 scrolls of amnesia
 W - a scroll of summoning
Potions
 h - a potion of brilliance
 n - 3 potions of ambrosia
 v - 4 potions of cancellation
 w - 2 potions of lignification
 x - 2 potions of berserk rage
 z - 13 potions of curing
 B - 6 potions of flight
 I - 2 potions of might
 L - 3 potions of resistance
 R - a potion of invisibility
 T - 2 potions of heal wounds
Miscellaneous
 m - a phantom mirror
 D - a condenser vane


   Skills:
 * Level 13.9 Fighting
 * Level 12.7 Axes
 + Level 9.4 Armour
 + Level 11.9 Dodging
 + Level 9.4 Shields
 * Level 17.3 Invocations


You had 14 spell levels left.
You didn't know any spells.
Your spell library contained the following spells:

 Spells                   Type           Power      Damage    Failure   Level
 Foxfire                  Conj/Fire      0%         2x1d4     56%         1
 Static Discharge         Conj/Air       0%         N/A       71%         2
 Call Canine Familiar     Summ           0%         N/A       90%         3
 Conjure Flame            Conj/Fire      0%         6-21      90%         3
 Gell's Gravitas          Tloc           0%         N/A       90%         3
 Ignite Poison            Fire/Tmut/Pois 0%         N/A       90%         3
 Inner Flame              Hex/Fire       0%         N/A       90%         3
 Lesser Beckoning         Tloc           0%         N/A       90%         3
 Portal Projectile        Hex/Tloc       0%         N/A       90%         3
 Teleport Other           Tloc           0%         N/A       90%         3
 Dispel Undead            Necr           0%         3d6       100%        4
 Flame Wave               Conj/Fire      0%         2d4       100%        4
 Leda's Liquefaction      Hex/Erth       0%         N/A       100%        4
 Petrify                  Tmut/Erth      0%         N/A       100%        4
 Sticky Flame             Conj/Fire      0%         2d3       100%        4
 Summon Lightning Spire   Summ/Air       0%         N/A       100%        4
 Blade Hands              Tmut           0%         N/A       100%        5
 Excruciating Wounds      Necr           0%         N/A       100%        5
 Freezing Cloud           Conj/Ice/Air   0%         6-21      100%        5
 Irradiate                Conj/Tmut      0%         3d13      100%        5
 Metabolic Englaciation   Hex/Ice        0%         N/A       100%        5
 Simulacrum               Ice/Necr       0%         N/A       100%        6
 Statue Form              Tmut/Erth      0%         N/A       100%        6
 Dragon Form              Tmut           0%         N/A       100%        7
 Storm Form               Tmut/Air       0%         N/A       100%        7
 Maxwell's Capacitive Co  Air            0%         ∞         100%        8
 Polar Vortex             Ice            0%         N/A       100%        9


Dungeon Overview and Level Annotations

Branches:
Dungeon (15/15)            Temple (0/1) D:5            Lair (6/6) D:8
  Swamp (0/4) Lair:4       Spider (0/4) Lair:3        Slime (0/5) Lair:5
    Orc (0/2) D:12         Vaults (0/5) D:14         Bailey (visited)
  IceCv (visited)
 Depths: D:15

Altars:
Ashenzari
Dithmenos
Elyvilon
Hepliaklqana
Makhleb
Nemelex Xobeh
Okawaru
Qazlal
Trog
Uskayaw
Vehumet
Wu Jian
Yredelemnul
Zin
The Shining One

Shops:
D:9 **

Annotations:
D:3 2 transporters


Innate Abilities, Weirdness & Mutations

You have a moderately thin skeletal structure. (Dex +4, Stealth++)
Your demonic aura sometimes causes spilled blood to erupt in flames.
Spells you cast and wands you use may paralyse nearby enemies.
Your touch may irresistibly damage your foes and sap their willpower.
You tend to lose your temper in combat.
Your body sometimes deteriorates upon taking damage.
You have hidden genetic defects.


Message History

* * * LOW HITPOINT WARNING * * *
Unknown command.
You slash the apocalypse crab!
The apocalypse crab is heavily wounded.
You slash the tentacled monstrosity!
You feel you are being watched by something.
You feel your power leaking away.
You block the tentacled monstrosity's attack.
The tentacled monstrosity tentacle-slaps you but does no damage.
The tentacled monstrosity tentacle-slaps you.
* * * LOW HITPOINT WARNING * * *
The tentacled monstrosity constricts you.
* * * LOW HITPOINT WARNING * * *
The satyr shoots a sling bullet.
The sling bullet barely misses you. The apocalypse crab bites you!
* * * LOW HITPOINT WARNING * * *
You fade into invisibility!
The apocalypse crab claws you but does no damage.
You barely miss the apocalypse crab.
The apocalypse crab is heavily wounded.
You slash the tentacled monstrosity!
The tentacled monstrosity tentacle-slaps you but does no damage.
You block the tentacled monstrosity's attack. x2
The tentacled monstrosity constricts you.
The apocalypse crab bites you but does no damage.
You block the apocalypse crab's attack.
The satyr plays a lulling melody on his pipes!
You struggle to resist.
You barely miss the apocalypse crab.
The apocalypse crab is heavily wounded.
You hit the tentacled monstrosity.
You block the tentacled monstrosity's attack. x3
The tentacled monstrosity constricts you.
* * * LOW HITPOINT WARNING * * *
The apocalypse crab bites you!
* * * LOW HITPOINT WARNING * * *
The apocalypse crab shocks you!
Your resistance to physical damage fades away.
You feel protected from electricity.
You die...

# #. #.###
#... # ##
###§t### # .
# # #@.# #.
X## # #.X.#
4.#..##
##○.### #
#.#...
#.#.c.# #
.#.#####.#
###.## .# .
.# ##.###
.## .# ##
#.. #...#
### # # #.
#. .# ..##
.##...##.###


You could see a tentacled monstrosity, a satyr and an apocalypse crab.

Vanquished Creatures
  A tentacled starspawn (Abyss:5)
  Kirke (D:13)
  Louise (D:14)
  Nessos (D:14)
  A great orb of eyes (Abyss:4)
  Josephine (Lair:6)
  A fire dragon (Lair:6)
  2 vault guards (D:14)
  18 hydras
  2 boulder beetles (D:12)
  5 two-headed ogres
  2 centaur warriors
  2 tengu warriors (D:14)
  5 death yaks (Lair:6)
  Nergalle (D:10)
  A sixfirhy (Abyss:3)
  A wretched star (Abyss:4)
  12 skeletal warriors
  An orc knight (D:15)
  A glowing orange brain (Abyss:3)
  A spriggan simulacrum (Abyss:2)
  2 necromancers
  A lindwurm (Lair:6)
  A wizard (D:14)
  A harpy (shapeshifter) (D:15)
  3 ugly things
  4 cyclopes
  5 deep elf pyromancers
  A manticore (D:15)
  A cyclops (shapeshifter) (D:15)
  An apocalypse crab (Abyss:2)
  19 elephants
  10 black mambas
  4 ice statues
  A naga mage (D:15)
  A smoke demon (Abyss:2)
  3 molten gargoyles (Lair:6)
  A torpor snail (Lair:6)
  A centaur skeleton (D:15)
  14 cane toads
  An unseen horror (D:9)
  2 large abominations
  2 rime drakes (Lair:2)
  11 komodo dragons
  An entropy weaver simulacrum (IceCv)
  4 hellwings (Abyss:4)
  An anaconda simulacrum (IceCv)
  An ancient zyme (Abyss:4)
  2 trolls (D:11)
  2 polar bears
  4 slime creatures (D:12)
  A meliai zombie (D:15)
  17 dream sheep
  3 raiju (Abyss:5)
  A blink frog (shapeshifter) (D:13)
  8 blink frogs (Lair:6)
  Sigmund (D:6)
  A shadow (D:12)
  61 yaks
  6 hogs
  Eustachio (D:6)
  A dire elephant simulacrum (IceCv)
  9 wraiths
  19 humans (D:14)
  A wyvern (D:8)
  7 basilisks
  A chaos spawn (Abyss:5)
  2 redbacks (Lair:3)
  A neqoxec (Abyss:5)
  3 steam dragons
  9 vampire mosquitoes
  A death yak simulacrum (IceCv)
  An acid dragon (D:10)
  Duvessa (D:5)
  16 water moccasins
  5 hell hounds (Lair:6)
  9 orc warriors
  An ice beast (Abyss:2)
  2 black bears
  2 necrophages
  21 wolves
  5 phantoms
  2 centaurs
  2 kobold brigands
  19 bullfrogs
  A scorpion (D:3)
  3 small abominations
  Dowan (D:5)
  An elephant simulacrum (IceCv)
  A troll zombie (D:12)
  5 wights
  3 electric eels
  A howler monkey (D:12)
  A bullfrog zombie (D:7)
  5 lava snakes (Lair:6)
  3 centaur zombies
  A hound (D:5)
  4 jellies
  2 orc priests
  Crazy Yiuf (D:2)
  5 iguanas
  9 orc wizards
  A polar bear simulacrum (IceCv)
  A killer bee zombie (D:6)
  2 wolf simulacra (IceCv)
  7 ogre zombies (D:12)
  5 gnolls
  3 adders
  A shadow imp (D:7)
  2 white imps (D:7)
  2 ufetubi
  An adder skeleton (D:4)
  A worm (D:3)
  2 dart slugs (D:1)
  19 orcs
  11 endoplasms
  5 giant cockroaches
  12 goblins
  5 hobgoblins
  A quokka (D:2)
  9 ball pythons
  5 bats
  4 frilled lizards
  A goblin skeleton (D:12)
  6 goblin zombies (D:12)
  3 hobgoblin skeletons (D:12)
  A hobgoblin zombie (D:12)
  20 kobolds
  2 orc skeletons (D:12)
  11 orc zombies (D:12)
  5 rats
  A starspawn tentacle (Abyss:5)
602 creatures vanquished.

Vanquished Creatures (collateral kills)
  A death knight (D:13)
  A phantasmal warrior (D:13)
  A freezing wraith (D:13)
  2 orc warriors (Bailey)
  An orc zombie (D:12)
6 creatures vanquished.

Vanquished Creatures (others)
  3 raiju (Abyss:5)
  A human (D:14)
  An orc (D:8)
  A bush (Lair:3)
  43 fungi
  A lurking horror (Abyss:5)
  65 plants
  A starspawn tentacle (Abyss:5)
116 creatures vanquished.

Grand Total: 724 creatures vanquished

Notes
Turn   | Place    | Note
-------+----------+-------------------------------------------
     0 | D:1      | HallandMoats the Demonspawn Fighter began the quest for the
                  | Orb.
     0 | D:1      | Reached XP level 1. HP: 18/18 MP: 1/1
   451 | D:1      | Gained mutation: You have a somewhat thin skeletal
                  | structure. (Dex +2, Stealth+) [demonic ancestry]
   451 | D:1      | Reached XP level 2. HP: 24/24 MP: 2/2
   461 | D:1      | Reached skill level 1 in Invocations
  1180 | D:2      | Gained mutation: Your demonic aura sometimes causes spilled
                  | blood to erupt in flames. [demonic ancestry]
  1180 | D:2      | Reached XP level 3. HP: 21/29 MP: 2/4
  1295 | D:2      | Reached skill level 2 in Invocations
  1770 | D:2      | Reached XP level 4. HP: 35/35 MP: 5/5
  1815 | D:2      | Noticed an eye of devastation
  1817 | D:2      | Found a faded altar of an unknown god.
  1818 | D:2      | Noticed a great orb of eyes
  1818 | D:2      | Noticed a floating eye
  1818 | D:2      | Noticed a shining eye
  1824 | D:2      | Prayed at the altar of an unknown god.
  1824 | D:2      | Became a worshipper of Qazlal Stormbringer
  1824 | D:2      | Reached * piety under Qazlal
  2211 | D:2      | Found a runed translucent door.
  2212 | D:2      | Noticed Crazy Yiuf
  2518 | D:2      | Killed Crazy Yiuf
  2519 | D:2      | Reached skill level 1 in Dodging
  2600 | D:3      | Found a transporter.
  2695 | D:3      | Reached XP level 5. HP: 38/41 MP: 5/7
  2813 | D:3      | Reached skill level 3 in Invocations
  2876 | D:3      | Reached ** piety under Qazlal
  2999 | D:3      | Reached XP level 6. HP: 48/48 MP: 8/8
  3015 | D:3      | Found a transporter.
  3530 | D:4      | Reached skill level 4 in Invocations
  3543 | D:4      | Found a sparkling altar of Nemelex Xobeh.
  3724 | D:5      | Entered Level 5 of the Dungeon
  3748 | D:5      | Gained mutation: Spells you cast may paralyse adjacent
                  | enemies. [demonic ancestry]
  3748 | D:5      | Reached XP level 7. HP: 51/55 MP: 10/10
  4107 | D:5      | Reached skill level 5 in Invocations
  4265 | D:5      | Noticed Duvessa
  4266 | D:5      | Noticed Dowan
  4277 | D:5      | Killed Dowan
  4278 | D:5      | Reached skill level 5 in Fighting
  4286 | D:5      | Killed Duvessa
  4287 | D:5      | Gained mutation: Your touch may inflict minor irresistible
                  | damage on your foes. [demonic ancestry]
  4287 | D:5      | Reached XP level 8. HP: 25/62 MP: 10/12
  4435 | D:5      | Found a staircase to the Ecumenical Temple.
  4706 | D:4      | Found a hazy altar of Hepliaklqana.
  4706 | D:4      | Found an ornate altar of the Wu Jian Council.
  4751 | D:6      | Identified a scroll of acquirement
  4751 | D:6      | Acquired a manual of Dodging
  4864 | D:6      | Reached skill level 6 in Invocations
  4904 | D:6      | Noticed Eustachio
  4923 | D:6      | Killed Eustachio
  4939 | D:6      | Noticed Sigmund
  5015 | D:6      | Killed Sigmund
  5016 | D:6      | Reached skill level 5 in Axes
  5094 | D:6      | Noticed a two-headed ogre
  5174 | D:6      | Killed a two-headed ogre
  5175 | D:6      | Reached skill level 7 in Invocations
  5175 | D:6      | Gained mutation: Your touch may inflict irresistible damage
                  | on your foes. [demonic ancestry]
  5175 | D:6      | Reached XP level 9. HP: 51/70 MP: 14/14
  5329 | D:6      | Identified the ring "Ilyfeuxt" {Str+6 Int+4}
  5607 | D:6      | Found a basalt altar of Yredelemnul.
  5770 | D:7      | Found a flagged portal.
  5840 | Bailey   | Entered a bailey
  5963 | Bailey   | Reached *** piety under Qazlal
  5999 | Bailey   | Identified the +7 dagger of Fatuy {vorpal, rC- rN+ rCorr
                  | Str+2}
  6111 | Bailey   | Reached skill level 8 in Invocations
  6116 | Bailey   | Reached skill level 5 in Armour
  6371 | D:7      | Found a hide-covered altar of Uskayaw.
  6642 | D:7      | Reached skill level 5 in Dodging
  6642 | D:7      | Reached skill level 5 in Shields
  6738 | D:7      | Found a radiant altar of Vehumet.
  7042 | D:8      | Gained mutation: Spells you cast may paralyse nearby
                  | enemies. [demonic ancestry]
  7042 | D:8      | Reached XP level 10. HP: 75/79 MP: 16/16
  7049 | D:8      | Reached skill level 9 in Invocations
  7091 | D:8      | Found a staircase to the Lair.
  7519 | D:8      | Found a broken altar of Ashenzari.
  7670 | D:9      | Found Tienegi's Gadget Gallery.
  7732 | D:9      | Found Coozup's Lightly-Used Armoury.
  7933 | D:9      | Reached **** piety under Qazlal
  8710 | D:10     | Entered Level 10 of the Dungeon
  8803 | D:10     | Noticed Nergalle
  8832 | D:10     | Reached skill level 10 in Invocations
  8857 | D:10     | Killed Nergalle
  8966 | D:10     | Found an iron altar of Okawaru.
  9080 | D:10     | Found a burning altar of Makhleb.
  9285 | D:11     | Noticed a skeletal warrior
  9290 | D:11     | Noticed a skeletal warrior
  9375 | Lair:1   | Entered Level 1 of the Lair of Beasts
  9375 | Lair:1   | Noticed a cane toad
  9407 | D:8      | Killed a cane toad
  9408 | D:8      | Gained mutation: Your touch may irresistibly damage your
                  | foes and sap their willpower. [demonic ancestry]
  9408 | D:8      | Reached XP level 11. HP: 66/87 MP: 18/18
  9783 | Lair:1   | Reached skill level 11 in Invocations
 10459 | Lair:2   | Noticed a four-headed hydra
 10467 | Lair:2   | Killed a four-headed hydra
 11011 | Lair:3   | Reached skill level 12 in Invocations
 11028 | Lair:3   | Found a hole to the Spider Nest.
 11065 | Lair:3   | Reached XP level 12. HP: 56/97 MP: 21/21
 11096 | Lair:3   | Reached skill level 10 in Fighting
 11256 | Lair:3   | Noticed a four-headed hydra
 11315 | Lair:3   | Killed a four-headed hydra
 11343 | Lair:3   | Reached ***** piety under Qazlal
 11443 | Lair:3   | Noticed an eight-headed hydra
 11463 | Lair:3   | Killed an eight-headed hydra
 11619 | Lair:3   | Reached skill level 13 in Invocations
 11965 | Lair:4   | Noticed a four-headed hydra
 12006 | Lair:4   | Killed a four-headed hydra
 12033 | Lair:4   | Gained mutation: You have a moderately thin skeletal
                  | structure. (Dex +4, Stealth++) [demonic ancestry]
 12033 | Lair:4   | Reached XP level 13. HP: 106/106 MP: 23/23
 12075 | Lair:4   | Reached skill level 10 in Axes
 12271 | Lair:4   | Found a staircase to the Swamp.
 12701 | Lair:4   | Identified the +3 spear of Gonwy {vamp, Str+4 Dex+6}
 12890 | Lair:5   | Reached skill level 14 in Invocations
 13295 | Lair:5   | Found a staircase to the Slime Pits.
 13653 | Lair:6   | Entered Level 6 of the Lair of Beasts
 13725 | Lair:6   | Reached ****** piety under Qazlal
 13741 | Lair:6   | Found a frozen archway.
 13749 | Lair:6   | Reached skill level 10 in Dodging
 13791 | Lair:6   | Reached skill level 15 in Invocations
 13799 | IceCv    | Entered an ice cave
 13897 | IceCv    | Reached XP level 14. HP: 72/115 MP: 25/25
 14044 | Lair:6   | Identified the +3 whip of Ateiboth {speed, Fly rN+ rCorr}
 14093 | Lair:6   | Noticed Josephine
 14101 | Lair:6   | Killed Josephine
 14552 | Lair:6   | Found a large runed translucent door.
 14552 | Lair:6   | Found a large runed translucent door.
 15297 | D:11     | Identified the +2 robe of Charity {rC+}
 15683 | D:11     | Identified the +2 shortbow "Kirroyqe" {venom, rPois rC+
                  | Str+9 Int-3}
 16009 | D:12     | Reached skill level 16 in Invocations
 16347 | D:12     | Found a staircase to the Orcish Mines.
 16648 | D:13     | Noticed Kirke
 16682 | D:13     | Found a bloodstained altar of Trog.
 16834 | D:13     | Killed Kirke
 16835 | D:13     | Gained mutation: Spells you cast and wands you use may
                  | paralyse nearby enemies. [demonic ancestry]
 16835 | D:13     | Reached XP level 15. HP: 64/124 MP: 23/27
 17324 | D:14     | Noticed Nessos
 17348 | D:14     | Killed Nessos
 17554 | D:14     | Noticed Louise
 17568 | D:14     | Cast into level 2 of the Abyss (Louise)
 17846 | Abyss:2  | Noticed a bone dragon
 17868 | Abyss:2  | Noticed a tentacled starspawn
 17970 | Abyss:3  | Gained mutation: You have hidden genetic defects. [a
                  | neqoxec]
 18012 | Abyss:3  | Noticed an Executioner
 18015 | Abyss:3  | Noticed a tentacled starspawn
 18036 | Abyss:3  | Noticed an Executioner
 18148 | D:14     | Escaped the Abyss
 18171 | D:14     | Killed Louise
 18737 | D:14     | Found a gate to the Vaults.
 19000 | D:15     | Entered Level 15 of the Dungeon
 19060 | D:15     | Reached skill level 17 in Invocations
 19104 | D:15     | Gained mutation: You tend to lose your temper in combat.
                  | [hidden defects]
 19114 | D:15     | Found a shadowy altar of Dithmenos.
 19677 | D:15     | Cast into level 2 of the Abyss (a wizard)
 19690 | Abyss:3  | Gained mutation: Your body sometimes deteriorates upon
                  | taking damage. [a neqoxec]
 19718 | Abyss:5  | Entered Level 5 of the Abyss
 19742 | Abyss:5  | Noticed a red draconian scorcher
 19783 | Abyss:5  | Noticed a tentacled monstrosity
 19798 | Abyss:5  | Noticed a tentacled monstrosity
 19839 | Abyss:5  | Noticed a tentacled starspawn
 19845 | Abyss:5  | Killed a tentacled starspawn
 19850 | Abyss:5  | HP: 6/122 [apocalypse crab (9)]
 19850 | Abyss:5  | Slain by an apocalypse crab

Illustrated notes

Levels and vault maps discovered:
D:1:      minmay_arrival_widening_spiral_narrow, layout_basic, serial_forest,
          infiniplex_forest_split, infiniplex_forest_lined_corner,
          infiniplex_forest_straight_2, infiniplex_forest_end_1,
          infiniplex_forest_end_2, infiniplex_forest_end_1
D:2:      layout_basic, basic_altar, hellmonk_ecumenical_altar_watching_god,
          minmay_tripent, uniq_crazy_yiuf_cottage
D:3:      gammafunk_wand_slinger, layout_loops_ring, tso_metal_star,
          st_stairs_11
D:4:      layout_basic, nicolae_overflow_hidden_temple,
          lemuel_coloured_pillars_altar
D:5:      layout_layer_cave, zin_academy, temple_statues,
          minmay_misc_feat_nine_boxes, amcnicky_mini_corridor_feature,
          kennysheep_boxes, uniq_duvessa
D:6:      layout_basic, kennysheep_mini_moat, uniq_sigmund, uniq_eustachio
D:7:      layout_rooms, lemuel_tele_altar, lemuel_round_altar, enter_bailey_5,
          minivault_27
D:8:      layout_loops_ring, nicolae_ashenzari_skybound, elyvilon_altar_4,
          grunt_lair_entry_orc_guard_hut, minmay_misc_feat_doors
D:9:      layout_stronghold, grunt_decor_one_mirror, minmay_shop_damaged,
          nicolae_shop_gadgets
D:10:     layout_rooms, okawaru_gym_becter, bloody_makhleb, uniq_nergalle
D:11:     layout_basic, abandoned_shop, minivault_16
D:12:     layout_loops_cross, zombieorc2_lemuel
D:13:     layout_big_octagon, trog_three_pillars_becter, uniq_kirke
D:14:     layout_loops_ring, grunt_vaults_entry_tiered, serial_co_window_serial,
          co_window_corner_a, co_window_of_opportunity_a,
          co_window_of_opportunity_a, co_window_corner_a, co_window_paths_b,
          co_window_paths_a, co_window_cross_4, co_window_2corner,
          co_window_unsneaky_path_a, co_window_corner_b, co_window_2corner,
          co_window_of_opportunity_c, glass_columns_b, glass_columns_c,
          glass_columns_a, glass_columns_a, glass_columns_a, minivault_14,
          uniq_louise, uniq_nessos
D:15:     grunt_enter_depths_magical_seal, layout_small_grid,
          nicolae_dithmenos_the_darkroom
Lair:1:   layout_regular_city, grunt_megastairs_2
Lair:2:   layout_regular_city, st_stairs_11
Lair:3:   layout_chaotic_city, spider_nest_entry_webs,
          nicolae_lair_grazing_beasts [nicolae_sub_lair_graze_edge,
          nicolae_sub_lair_graze_edge, nicolae_sub_lair_graze_edge,
          nicolae_sub_lair_graze_edge], serial_bayou_shore_b, grunt_megastairs_3
Lair:4:   layout_regular_city, swamp_mist_pool, serial_bayou_shore_a
Lair:5:   layout_cave_pods, nicolae_slime_entry_slimehenge,
          chequers_serial_rivers_large_b, chequers_serial_rivers_small_b,
          minivault_23, grunt_megastairs_5
Lair:6:   cheibrodos_lair_end_hotspot, layout_gridlike,
          portal_ice_cave_entry_pillars_2, uniq_josephine
Abyss:5:  base: D:14, evilmike_abyss_exit_10, nicolae_abyss_rune_left_handed,
          guppyfry_abyss_exit_imp_island, hangedman_elemental_corridor,
          evilmike_nicolae_abyss_rune_betentacled_crabyss,
          evilmike_nicolae_abyss_rune_betentacled_crabyss,
          evilmike_abyss_exit_7, abyss_greek_temple,
          hangedman_abyss_overflow_altar, evilmike_abyss_exit_7,
          bh_abyss_exit_spiral, nicolae_abyss_rune_left_handed

Skill      XL: |  1  2  3  4  5  6  7  8  9 10 11 12 13 14 15 |
---------------+----------------------------------------------+-----
Axes           | 2 3 4 5 6 7 8 9 11 12 | 12.7
Invocations    | 1 2 3 4 5 7 8 10 12 13 15 16 17 | 17.3
Armour         | 3 4 5 6 7 8 9 |  9.4
Dodging        | 1 2 4 5 6 8 9 10 11 | 11.9
Shields        | 3 4 5 6 7 8 9 |  9.4
Fighting       | 4 5 6 7 8 9 11 12 13 | 13.9

Action                   |  1- 3 |  4- 6 |  7- 9 | 10-12 | 13-15 || total
-------------------------+-------+-------+-------+-------+-------++-------
Melee: War axe           |    75 |       |       |       |       ||    75
       Hand axe          |     8 |   137 |   330 |   214 |       ||   689
       Whip              |       |       |    10 |       |       ||    10
       Broad axe         |       |       |       |   267 |   800 ||  1067
       Dagger            |       |       |       |    23 |     6 ||    29
       Spear             |       |       |       |       |   118 ||   118
Invok: Elemental Force   |       |       |     1 |       |     2 ||     3
Evoke: Wand              |       |       |     3 |       |     5 ||     8
  Use: Potion            |       |     1 |       |       |     6 ||     7
       Scroll            |       |       |     6 |    17 |    18 ||    41
 Stab: Paralysed         |       |       |     1 |       |       ||     1
       Distracted        |       |       |       |       |     1 ||     1
Armor: Scale mail        |    37 |    54 |   138 |   261 |   180 ||   670
       Troll leather arm |       |       |       |       |   162 ||   162
Dodge: Dodged            |    33 |    45 |   158 |   290 |   489 ||  1015
       Repelled          |       |       |       |     2 |    12 ||    14
Block: Buckler           |    22 |    33 |   135 |   347 |   561 ||  1098
       Kite shield       |       |       |       |       |   268 ||   268

Table legend: (Time is in decaauts)
 A = Elapsed time spent in this place.
 B = Non-inter-level travel time spent in this place.
 C = Inter-level travel time spent in this place.
 D = Time resting spent in this place.
 E = Time spent auto-exploring this place.
 F = Levels seen in this place.
 G = Mean time per level.
                   A        B        C        D        E       F      G
               +--------+--------+--------+--------+--------+-----+--------+
         Total |  19995 |  19083 |    912 |    417 |  13510 |  30 |  666.5 |
       Dungeon |  13022 |  12388 |    634 |    214 |   9465 |  15 |  868.1 |
          Lair |   5542 |   5265 |    277 |      0 |   3924 |   6 |  923.7 |
         Abyss |    715 |    715 |      0 |    148 |      4 |   7 |  102.1 |
        Bailey |    494 |    494 |      0 |     55 |     40 |   1 |  494.0 |
      Ice Cave |    219 |    219 |      0 |      0 |     77 |   1 |  219.0 |
               +--------+--------+--------+--------+--------+-----+--------+

Top non-repeatable levels by time:
     D:2: 1496 daAuts
  Lair:6: 1177 daAuts
     D:9: 1148 daAuts
     D:1: 1122 daAuts
     D:5: 1110 daAuts
    D:14: 1101 daAuts
  Lair:3: 1004 daAuts
     D:6: 971 daAuts
  Lair:5: 951 daAuts
     D:8: 908 daAuts
  Lair:1: 884 daAuts
    D:12: 845 daAuts
  Lair:4: 787 daAuts
  Lair:2: 736 daAuts
     D:3: 721 daAuts
